AoeStats
← sada-aki

Nomad

510713893Analyzed
4v4 RM · 19h ago on Oct 2, 2026· 14m 30s· 8 players
Game mode
Random Map
Map size
231×231
Population
200
Speed
Normal
Resources
Standard
Victory
Conquest
Starting age
Dark Age
Ending age
Imperial Age
RankedLock teamsTeams togetherTeam positionsShared explorationLock speedFull tech treeHidden civsTurbo modeCheats
Victory
Defeat
🇨🇳 Wei · China
1230
+15
1217
+15
🇨🇳 Mongols · China
1205
+16
🇯🇵 Britons · Japan
1199
+16
🇹🇼 Ethiopians · Taiwan
1235
-18
🇮🇳 Japanese · India
1221
-16
🇩🇪 Mongols · Germany
1170
-14
🇮🇳 Franks · India
1160
-14
boom n type gg noob team
3:49 Loom
15:21 Feudal Age
wz975
4:45 Loom
12:42 Feudal Age
16:42 Castle Age
sada-aki
4:58 Loom
Blacksky
3:56 Loom
14:48 Feudal Age
ieshwarvsr
5:21 Loom
GoodBadBoi
3:08 Loom
14:57 Feudal Age
Eljako
5:37 Loom
14:11 Feudal Age
Liam
4:49 Loom
14:59 Feudal Age
Connection lost

Rejoining the realm…

Still unreachable

The connection could not be restored.

Session expired

The server has moved on; the page needs a fresh start.